[Event "Titled Tuesday Blitz March 01 Late 2022"]
[White "Erdogdu, Mert"]
[Black "Miszler, Levente"]
[WhiteFideId "6301495"]
[BlackFideId "763276"]
[WhiteElo "2485"]
[BlackElo "1966"]
[Result "0-1"]
[Round "02"]
[TimeControl "180+1"]
[Date "2022.03.02"]
[WhiteClock "0:01:01"]
[BlackClock "0:00:57"]

1. e4 e6 2. d4 d5 3. exd5 exd5 4. c4 Nf6 5. Nc3 Bb4 6. Bd3 dxc4 7. Bxc4 O-O 8. Ne2 Nc6 9. O-O Bg4 10. Bg5 h6 11. Bh4 Re8 12. f3 Bh5 13. Qd2 Na5 14. Bd3 c5 15. dxc5 Nc4 16. Qc2 Ne3 17. Qd2 Nxf1 18. Rxf1 Bxc5+ 19. Kh1 Bg6 20. Rd1 Qxd3 21. Qxd3 Bxd3 22. Rxd3 Rad8 23. Rxd8 Rxd8 24. g4 Rd2 25. b3 Bb4 26. Bxf6 gxf6 27. Kg1 Bxc3 28. Nxc3 Rc2 29. Ne4 Kg7 30. a4 Rb2 31. Nd6 Rxb3 32. Kf2 b6 33. h4 Rb4 34. h5 Rxa4 35. Ne8+ Kf8 36. Nxf6 a5 37. Ke3 Rb4 38. Nd5 Rb3+ 39. Ke4 a4 40. f4 a3 41. g5 hxg5 42. fxg5 a2 43. h6 a1=Q 44. Ne7 Kxe7 0-1


[Site "https://www.chess.com"]

[Event "Titled Tuesday Blitz March 01 Late 2022"]
[White "Estrada Nieto, Julian"]
[Black "Pace, Christopher"]
[WhiteFideId "5101018"]
[BlackFideId "2610167"]
[WhiteElo "2246"]
[BlackElo "2211"]
[Result "1-0"]
[Round "02"]
[TimeControl "180+1"]
[Date "2022.03.02"]
[WhiteClock "0:01:07"]
[BlackClock "0:00:21"]

1. e4 e5 2. Nf3 Nc6 3. Bb5 Nf6 4. O-O Nxe4 5. d4 Nd6 6. Bxc6 dxc6 7. dxe5 Nf5 8. Qxd8+ Kxd8 9. Nc3 Be7 10. Rd1+ Ke8 11. h3 Be6 12. g4 Nh4 13. Nxh4 Bxh4 14. Kg2 h5 15. f3 Be7 16. Be3 b6 17. Ne2 Rd8 18. Nf4 Rxd1 19. Rxd1 hxg4 20. hxg4 Bc4 21. b3 Ba6 22. c4 Bc8 23. Nh3 Be6 24. Bg5 Bxg5 25. Nxg5 Ke7 26. Kg3 a5 27. f4 b5 28. f5 Bc8 29. Ne4 bxc4 30. bxc4 Ba6 31. Nc5 Bxc4 32. Rd7+ Ke8 33. Rxc7 Rh1 34. f6 gxf6 35. exf6 Rg1+ 36. Kh2 Rxg4 37. Rc8# 1-0


[Site "https://www.chess.com"]

[Event "Titled Tuesday Blitz March 01 Late 2022"]
[White "Ezat, Mohamed"]
[Black "Svane, Rasmus"]
[WhiteFideId "10600906"]
[BlackFideId "4657101"]
[WhiteElo "2386"]
[BlackElo "2645"]
[Result "1-0"]
[Round "02"]
[TimeControl "180+1"]
[Date "2022.03.01"]
[WhiteClock "0:00:22"]
[BlackClock "0:00:13"]

1. d4 d5 2. c3 Nf6 3. Nf3 c5 4. Bf4 e6 5. e3 Bd6 6. Ne5 O-O 7. Nd2 Nc6 8. Bd3 Ne7 9. O-O b6 10. Bg5 Ng6 11. f4 Bb7 12. Qf3 Be7 13. Bxf6 gxf6 14. Ng4 f5 15. Ne5 Kh8 16. Qh5 Nxe5 17. fxe5 Rg8 18. Qxf7 Rg6 19. g4 Rxg4+ 20. Kh1 Qd7 21. Rxf5 Rf8 22. Qxf8+ Bxf8 23. Rxf8+ Kg7 24. Raf1 Qe7 25. R8f6 Bc6 26. Nf3 Be8 27. h3 Rg6 28. Bxg6 Bxg6 29. Ng5 Bf5 30. Rf7+ Qxf7 31. Nxf7 Kxf7 32. Kh2 Kg6 33. Kg3 h6 34. Kh4 Bd3 35. Rf6+ Kg7 36. Rxe6 1-0


[Site "https://www.chess.com"]

[Event "Titled Tuesday Blitz March 01 Late 2022"]
[White "Fernandez Siles, Luis"]
[Black "Boyer, Mahel"]
[WhiteFideId "2209420"]
[BlackFideId "45102422"]
[WhiteElo "2212"]
[BlackElo "2328"]
[Result "0-1"]
[Round "02"]
[TimeControl "180+1"]
[Date "2022.03.02"]
[WhiteClock "0:01:00"]
[BlackClock "0:01:14"]

1. e4 e5 2. Nf3 Nc6 3. Bc4 Nf6 4. d4 exd4 5. O-O Nxe4 6. Nc3 Nf6 7. Nxd4 d5 8. Re1+ Be7 9. Bb5 Bd7 10. Bg5 O-O 11. Rxe7 Nxe7 12. Bxd7 Qxd7 13. Bxf6 gxf6 14. Qh5 c5 15. Nf3 Qf5 16. Qh6 d4 17. Ne2 Qg6 18. Qd2 Nd5 19. Ng3 Rfe8 20. Nh4 Qg5 0-1


[Site "https://www.chess.com"]

[Event "Titled Tuesday Blitz March 01 Late 2022"]
[White "Fishbein, Alexander"]
[Black "Brunner, Nicolas"]
[WhiteFideId "2000377"]
[BlackFideId "620246"]
[WhiteElo "2442"]
[BlackElo "2372"]
[Result "1-0"]
[Round "02"]
[TimeControl "180+1"]
[Date "2022.03.02"]
[WhiteClock "0:02:53"]
[BlackClock "0:01:45"]

1. e4 e5 2. Nf3 Nc6 3. Bb5 a6 4. Ba4 Nf6 5. O-O Be7 6. Re1 b5 7. Bb3 d6 8. c3 O-O 9. d4 Bg4 10. Be3 exd4 11. cxd4 Na5 12. e5 dxe5 13. dxe5 Qxd1 14. Rxd1 Nd7 15. Nc3 Nxb3 16. axb3 c6 17. h3 Be6 18. Nd4 Rfc8 19. Nxe6 1-0


[Site "https://www.chess.com"]

[Event "Titled Tuesday Blitz March 01 Late 2022"]
[White "Garriga Cazorla, Pere"]
[Black "Steenbekkers, Franck"]
[WhiteFideId "32011601"]
[BlackFideId "1004220"]
[WhiteElo "2458"]
[BlackElo "2174"]
[Result "1-0"]
[Round "02"]
[TimeControl "180+1"]
[Date "2022.03.02"]
[WhiteClock "0:01:35"]
[BlackClock "0:00:06"]

1. d4 Nf6 2. c4 g6 3. Nc3 d5 4. cxd5 Nxd5 5. e4 Nxc3 6. bxc3 Bg7 7. Bb5+ Bd7 8. Be2 c5 9. Nf3 O-O 10. O-O Bg4 11. Be3 Nc6 12. d5 Bxf3 13. Bxf3 Ne5 14. Be2 f5 15. exf5 gxf5 16. f4 Ng6 17. Rb1 b6 18. Qd2 Qd6 19. c4 Rad8 20. g3 e6 21. Bf3 e5 22. fxe5 Bxe5 23. Bh6 Rfe8 24. Bh5 f4 25. gxf4 Bd4+ 26. Kh1 Kh8 27. f5 Ne5 28. Bxe8 Rxe8 29. Rbe1 Re7 30. f6 Rf7 31. Bg7+ Kg8 32. Qe2 b5 33. Rf5 Nxc4 34. Qe8+ 1-0


[Site "https://www.chess.com"]

[Event "Titled Tuesday Blitz March 01 Late 2022"]
[White "Gatterer, Florian"]
[Black "Riehle, Marco"]
[WhiteFideId "811688"]
[BlackFideId "12904392"]
[WhiteElo "2218"]
[BlackElo "2462"]
[Result "0-1"]
[Round "02"]
[TimeControl "180+1"]
[Date "2022.03.02"]
[WhiteClock "0:00:23"]
[BlackClock "0:02:11"]

1. e4 e5 2. Nf3 Nf6 3. Nc3 Nc6 4. d4 exd4 5. Nd5 Nb4 6. Nxf6+ Qxf6 7. Bg5 Qb6 8. a3 Nc6 9. b4 h6 10. Bf4 Be7 11. Bd3 d6 12. h3 O-O 13. O-O Bf6 14. b5 Ne5 15. Bxe5 dxe5 16. a4 c6 17. Bc4 Be6 18. Bxe6 fxe6 19. Qe2 a6 20. Qc4 cxb5 21. axb5 axb5 22. Qb3 Kh7 23. Rfb1 Rxa1 24. Rxa1 Rc8 25. Rb1 Qc6 26. Rb2 Qxe4 27. Qxb5 Rxc2 28. Rxc2 Qxc2 29. Qxb7 e4 30. Ne1 Qe2 31. Qb1 d3 32. Kh2 Be5+ 33. Kg1 d2 34. Nf3 d1=Q+ 35. Qxd1 Qxd1+ 36. Ne1 Qxe1# 0-1


[Site "https://www.chess.com"]

[Event "Titled Tuesday Blitz March 01 Late 2022"]
[White "Gelman, Alexander"]
[Black "Aukhatov, Roman"]
[WhiteFideId "4118316"]
[BlackFideId "44150768"]
[WhiteElo "2375"]
[BlackElo "2112"]
[Result "1-0"]
[Round "02"]
[TimeControl "180+1"]
[Date "2022.03.02"]
[WhiteClock "0:00:37"]
[BlackClock "0:00:10"]

1. d4 Nf6 2. Nc3 d5 3. Bf4 c5 4. e3 cxd4 5. exd4 Bg4 6. f3 Bf5 7. g4 Bg6 8. h4 h5 9. g5 Nh7 10. Nb5 Na6 11. c3 e6 12. Qa4 Qd7 13. Nd6+ Bxd6 14. Bb5 Bxf4 15. Bxd7+ Ke7 16. Bb5 Nc7 17. Bf1 a6 18. Ne2 Bd6 19. Qd1 b5 20. Qd2 Rhc8 21. Nf4 Nf8 22. Kf2 a5 23. a3 Rab8 24. Nd3 Nd7 25. Be2 b4 26. cxb4 axb4 27. Nxb4 Bxb4 28. axb4 Nb5 29. Bxb5 Rxb5 30. Rhc1 Rcb8 31. Ra7 Rxb4 32. Kg3 Rxb2 33. Qa5 R2b7 34. Rc7 Rxa7 35. Qxa7 Rd8 36. Qa3+ Ke8 37. Qd6 Bf5 38. Qa3 Bg6 39. Qa4 Bf5 40. Kf4 Bg6 41. Qc6 Bf5 42. Rc8 Bg6 43. Ke3 Bf5 44. Kd2 Bg6 45. Kc3 Bf5 46. Kb4 Rxc8 47. Qxc8+ Ke7 48. Ka5 Nf8 49. Kb6 Ng6 50. Kc7 f6 51. Qg8 Nxh4 52. Qxg7+ Ke8 53. gxf6 Bg6 54. Qe7# 1-0


[Site "https://www.chess.com"]

[Event "Titled Tuesday Blitz March 01 Late 2022"]
[White "Goltsev, Dmitry"]
[Black "Ashiev, Eduard"]
[WhiteFideId "24176710"]
[BlackFideId "4130090"]
[WhiteElo "2273"]
[BlackElo "2004"]
[Result "1-0"]
[Round "02"]
[TimeControl "180+1"]
[Date "2022.03.02"]
[WhiteClock "0:01:50"]
[BlackClock "0:00:09"]

1. e4 e5 2. Nf3 Nc6 3. Bb5 Nge7 4. O-O g6 5. c3 Bg7 6. d4 exd4 7. cxd4 d5 8. Nc3 O-O 9. Bg5 f6 10. Bh4 Kh8 11. Re1 Bg4 12. e5 Nf5 13. Bxf6 Ncxd4 14. Bxd8 Raxd8 15. Nxd4 Bxd1 16. Raxd1 Nxd4 17. Rxd4 c6 18. Bf1 Rfe8 19. f4 g5 20. g3 gxf4 21. gxf4 Bh6 22. f5 b5 23. a3 a5 24. f6 b4 25. axb4 axb4 26. Rxb4 c5 27. Rb7 d4 28. f7 Rf8 29. Nb5 d3 30. e6 d2 31. Rd1 Be3+ 32. Kh1 Rb8 33. Rxb8 Rxb8 34. e7 1-0


[Site "https://www.chess.com"]

[Event "Titled Tuesday Blitz March 01 Late 2022"]
[White "Goryachkina, Aleksandra"]
[Black "Janturin, Artur"]
[WhiteFideId "4147103"]
[BlackFideId "4130022"]
[WhiteElo "2426"]
[BlackElo "2331"]
[Result "1-0"]
[Round "02"]
[TimeControl "180+1"]
[Date "2022.03.02"]
[WhiteClock "0:00:41"]
[BlackClock "0:00:07"]

1. e4 e6 2. d4 d5 3. Nd2 dxe4 4. Nxe4 Nd7 5. g3 Ngf6 6. Nxf6+ Nxf6 7. Bg2 c5 8. Nf3 Be7 9. O-O O-O 10. c4 Bd7 11. Ne5 Qc8 12. dxc5 Bxc5 13. Bg5 Rd8 14. Bxf6 gxf6 15. Qg4+ Kf8 16. Nd3 Be7 17. Qh4 f5 18. Qxh7 Bf6 19. Nf4 Qxc4 20. Rac1 Qb4 21. Rc7 Qxb2 22. Rxb7 Qd4 23. Nh5 Be5 24. Qh6+ Ke7 25. Qg5+ Bf6 26. Nxf6 Qxf6 27. Rxd7+ 1-0


[Site "https://www.chess.com"]

[Event "Titled Tuesday Blitz March 01 Late 2022"]
[White "Gracia Alvarez, Gerardo Antonio"]
[Black "Curtis, John"]
[WhiteFideId "5109124"]
[BlackFideId "3200256"]
[WhiteElo "2139"]
[BlackElo "2203"]
[Result "1-0"]
[Round "02"]
[TimeControl "180+1"]
[Date "2022.03.02"]
[WhiteClock "0:00:15"]
[BlackClock "0:00:37"]

1. e4 e5 2. Nc3 Nc6 3. Bc4 Bc5 4. Qg4 Kf8 5. Qf3 Nf6 6. Nge2 Nd4 7. Nxd4 exd4 8. Nd5 Nxd5 9. Bxd5 Qf6 10. Qxf6 gxf6 11. d3 d6 12. Bh6+ Ke7 13. O-O c6 14. Bb3 Rg8 15. Bf4 Be6 16. Bg3 Rg6 17. f4 f5 18. Rae1 Kf8 19. Bh4 Re8 20. exf5 Bxf5 21. Rxe8+ Kxe8 22. Re1+ Kf8 23. Re7 d5 24. Rxb7 h6 25. a4 Rg4 26. g3 Rg6 27. a5 Re6 28. a6 Kg7 29. Ba4 Bg4 30. b4 Bd6 31. Bxc6 Bxf4 32. Bxd5 Re1+ 33. Kf2 Re2+ 34. Kf1 Be3 35. Rxf7+ Kg6 36. Rf6+ Kg7 37. Rf7+ Kg6 38. Rf6+ Kg7 39. Be4 Rf2+ 40. Rxf2 Bd1 41. Bf6+ Kf7 42. Bxd4+ Bxf2 43. Bxf2 Bxc2 44. Bxa7 Ba4 45. Bc5 Bc6 46. Bxc6 1-0


[Site "https://www.chess.com"]

[Event "Titled Tuesday Blitz March 01 Late 2022"]
[White "Griffith, Kyron"]
[Black "Avila Jimenez, Xavier"]
[WhiteFideId "2046318"]
[BlackFideId "2210533"]
[WhiteElo "2232"]
[BlackElo "2134"]
[Result "1-0"]
[Round "02"]
[TimeControl "180+1"]
[Date "2022.03.02"]
[WhiteClock "0:00:54"]
[BlackClock "0:00:13"]

1. Nf3 d5 2. c4 c6 3. g3 Nf6 4. Bg2 Bg4 5. Ne5 Bf5 6. O-O e6 7. d4 Nbd7 8. Nxd7 Qxd7 9. cxd5 cxd5 10. Nc3 Be7 11. Bg5 O-O 12. Rc1 Rac8 13. Qb3 b6 14. e3 h6 15. Bxf6 Bxf6 16. Rfd1 Bg4 17. Rd2 Rc7 18. Bf1 Rfc8 19. Ba6 Rd8 20. Kg2 Be7 21. Bd3 f5 22. Rdc2 Rdc8 23. Nb5 Rxc2 24. Rxc2 Rxc2 25. Qxc2 Bd8 26. a4 Bh5 27. b4 Be8 28. Nc3 Be7 29. Qb3 Qd6 30. Na2 Qd7 31. a5 b5 32. Qc2 a6 33. Qc3 Bd6 34. h4 Qe7 35. Be2 Bd7 36. h5 Qf7 37. Nc1 Qe7 38. Nd3 Kh7 39. Nc5 Bc8 40. Qd3 e5 41. dxe5 Qxe5 42. Bf3 Bxc5 43. bxc5 Bb7 44. g4 Kh8 45. Qxf5 Qxf5 46. gxf5 b4 47. Kg3 b3 48. Be2 b2 49. Bd3 Bc6 50. Kf4 Kg8 51. Ke5 Kf7 52. Kd6 Bb5 53. Bb1 Kf6 54. c6 1-0


[Site "https://www.chess.com"]

[Event "Titled Tuesday Blitz March 01 Late 2022"]
[White "Gulecyuz, Deniz"]
[Black "Harvey, Marcus R"]
[WhiteFideId "30921341"]
[BlackFideId "400092"]
[WhiteElo "1925"]
[BlackElo "2485"]
[Result "0-1"]
[Round "02"]
[TimeControl "180+1"]
[Date "2022.03.02"]
[WhiteClock "0:00:15"]
[BlackClock "0:00:51"]

1. e4 c6 2. d4 d5 3. e5 Bf5 4. Nf3 e6 5. Be2 c5 6. c3 Nc6 7. O-O cxd4 8. cxd4 h6 9. Nc3 Nge7 10. Be3 Bh7 11. Rc1 Nf5 12. a3 Be7 13. b4 O-O 14. Qd2 Rc8 15. Na4 Nxe3 16. fxe3 Nb8 17. Nc5 b6 18. Nd3 Qd7 19. Nf4 Qa4 20. Qb2 a5 21. Bd1 Qb5 22. Be2 Qa4 23. Bd1 Qd7 24. Be2 axb4 25. axb4 Qa4 26. Rxc8 Rxc8 27. b5 g5 28. Rc1 Rxc1+ 29. Qxc1 gxf4 30. Qc8+ Kg7 31. exf4 Qc2 32. Qxc2 Bxc2 33. Kf2 Nd7 34. Ke3 Bb4 35. g4 Nf8 36. f5 exf5 37. gxf5 Bxf5 38. Kf4 Be4 39. Ke3 Ne6 40. Nd2 Bxd2+ 41. Kxd2 Nxd4 42. Bf1 Nf3+ 43. Ke3 Nxh2 0-1


[Site "https://www.chess.com"]

[Event "Titled Tuesday Blitz March 01 Late 2022"]
[White "Guseinov, Gadir"]
[Black "Mardov, Dimitar"]
[WhiteFideId "13401378"]
[BlackFideId "30919495"]
[WhiteElo "2581"]
[BlackElo "2185"]
[Result "1-0"]
[Round "02"]
[TimeControl "180+1"]
[Date "2022.03.01"]
[WhiteClock "0:00:04"]
[BlackClock "0:00:04"]

1. e4 c5 2. Nc3 Nc6 3. Bb5 Nd4 4. Nf3 Nxb5 5. Nxb5 a6 6. Nc3 d6 7. d4 cxd4 8. Qxd4 Nf6 9. Bg5 h6 10. Bxf6 gxf6 11. O-O-O Bd7 12. Kb1 Bc6 13. Nd5 Bg7 14. Ne3 Qd7 15. Nf5 Bf8 16. Rhe1 Qc7 17. Ne3 Bg7 18. Nd5 Qd8 19. Nh4 e6 20. Nb6 Rb8 21. Nc4 O-O 22. Nxd6 Qa5 23. Re3 Qh5 24. Rh3 Qg4 25. f3 Qg5 26. Nhf5 exf5 27. Rg3 fxe4 28. Rxg5 fxg5 29. Qb4 exf3 30. gxf3 Bxf3 31. Rf1 Be2 32. Re1 Bh5 33. h4 Rfd8 34. hxg5 Bf8 35. Qh4 Rxd6 36. Qxh5 Rbd8 37. a3 Rd5 38. Rg1 Bg7 39. Qh4 hxg5 40. Rxg5 Rxg5 41. Qxg5 Rd7 42. Qf5 Re7 43. c3 Be5 44. Ka2 f6 45. Qg6+ Kf8 46. a4 Rg7 47. Qf5 Re7 48. Kb3 Kf7 49. Qc8 Rc7 50. Qh3 Re7 51. Qh7+ Ke6 52. Qe4 Kf7 53. Qc4+ Kg7 54. a5 Rc7 55. Qg4+ Kf7 56. Qf5 Re7 57. Ka4 Rc7 58. Qh7+ Ke6 59. Qh5 Ke7 60. Qf5 Rc4+ 61. Kb3 Rc7 62. c4 Rd7 63. Ka3 Rc7 64. b3 Rd7 65. Ka4 Rc7 66. Qh7+ Ke6 67. Qh3+ Ke7 68. Qd3 Rd7 69. Qh7+ Ke6 70. Qh3+ Ke7 71. b4 Rc7 72. c5 Rd7 73. Qh7+ Ke6 74. Qe4 Rc7 75. Qh1 f5 76. Qh6+ Bf6 77. Qh3 Rg7 78. Qe3+ Be5 79. Qd3 Rd7 80. Qc4+ Kf6 81. c6 bxc6 82. Qxa6 Rd6 83. Qc8 f4 84. a6 Bd4 85. Qh8+ Ke6 86. Qh6+ Ke5 87. Qg5+ Ke4 88. Qe7+ Kd5 89. Qf7+ Ke5 90. a7 Bxa7 91. Qxa7 f3 92. Qe7+ Re6 93. Qc5+ Kf4 94. Qc4+ Kf5 95. Qd3+ Kf4 96. Qd2+ Kf5 97. Qc2+ Kf4 98. Qf2 Re2 99. Qd4+ Kg3 100. Qg7+ Kf2 101. Qf6 Kg2 102. Qxc6 Kg3 103. Qg6+ Kf2 104. b5 Ke1 105. Qb1+ Kd2 106. Qb2+ Ke1 107. Qc1+ Kf2 108. b6 Kg2 109. Qg5+ Kh1 110. Qh5+ Kg2 111. Qg4+ Kf2 112. b7 Rb2 113. Qd4+ 1-0


[Site "https://www.chess.com"]

[Event "Titled Tuesday Blitz March 01 Late 2022"]
[White "Gutenev, Alexander"]
[Black "Sjugirov, Sanan"]
[WhiteFideId "4195540"]
[BlackFideId "4189302"]
[WhiteElo "2403"]
[BlackElo "2602"]
[Result "1-0"]
[Round "02"]
[TimeControl "180+1"]
[Date "2022.03.01"]
[WhiteClock "0:01:01"]
[BlackClock "0:00:03"]

1. e4 e5 2. Nf3 Nc6 3. Bb5 a6 4. Ba4 Nf6 5. O-O d6 6. Re1 b5 7. Bb3 Bg4 8. c3 Be7 9. h3 Bh5 10. d3 O-O 11. Nbd2 Na5 12. Bc2 c5 13. Nf1 Nc6 14. g4 Bg6 15. Ng3 Re8 16. Nf5 Bxf5 17. gxf5 d5 18. Kh2 c4 19. exd5 cxd3 20. Bxd3 Qxd5 21. Bc2 Qxd1 22. Rxd1 e4 23. Nd4 Nxd4 24. cxd4 Bd6+ 25. Kg2 Nd5 26. Bb3 Ne7 27. Be3 Nxf5 28. Rac1 Rac8 29. Bd5 Nh4+ 30. Kf1 Nf5 31. Ke2 a5 32. Rxc8 Rxc8 33. Bxe4 Nxe3 34. fxe3 g6 35. Bd5 Kf8 36. e4 Rc2+ 37. Rd2 Rc1 38. e5 Bb4 39. Rd1 Rc2+ 40. Kd3 Rxb2 41. Rf1 f5 42. exf6 Rd2+ 43. Ke3 Rh2 44. Be6 Rc2 45. Ke4 Re2+ 46. Kd5 Rc2 47. h4 Rc3 48. h5 Rg3 49. Rc1 Bc3 50. hxg6 hxg6 51. Rh1 Rg5+ 52. Kd6 Rh5 53. Rg1 Bxd4 54. Rxg6 Bc5+ 55. Kd7 Rh8 56. f7 1-0


[Site "https://www.chess.com"]

[Event "Titled Tuesday Blitz March 01 Late 2022"]
[White "Hakemi, Arman"]
[Black "Caruana, Fabiano"]
[WhiteFideId "22520805"]
[BlackFideId "2020009"]
[WhiteElo "2208"]
[BlackElo "2744"]
[Result "1-0"]
[Round "02"]
[TimeControl "180+1"]
[Date "2022.03.01"]
[WhiteClock "0:00:11"]
[BlackClock "0:00:03"]

1. e4 e6 2. d4 d5 3. Nc3 Bb4 4. exd5 exd5 5. Bd3 Nc6 6. Nf3 Nge7 7. O-O O-O 8. a3 Bxc3 9. bxc3 Bf5 10. Rb1 b6 11. Re1 Qd7 12. a4 Rfe8 13. Ba3 Ng6 14. Qd2 Na5 15. Bb5 c6 16. Bd3 Be4 17. Ne5 Nxe5 18. dxe5 Bg6 19. f4 Rad8 20. Rf1 Bf5 21. Rbe1 Qe6 22. Qf2 Nc4 23. Bxc4 dxc4 24. Bd6 c5 25. h3 h5 26. Qf3 Qg6 27. Kh2 h4 28. Qf2 Qh5 29. Re3 Re6 30. Rfe1 Rde8 31. a5 Qh7 32. axb6 axb6 33. Rb1 Bxc2 34. Rxb6 Bd3 35. Rb7 Qh5 36. Rc7 Ra8 37. Qf3 Qxf3 38. Rxf3 Rg6 39. f5 Rg5 40. e6 fxe6 41. fxe6 Ra2 42. Kh1 Raxg2 43. Bh2 Re2 44. Bf4 Rg6 45. e7 Kh7 46. Re3 Rxe3 47. Bxe3 Re6 48. Bxc5 Re2 49. Rc8 Bg6 50. Rd8 Kh6 51. Rd4 Kg5 52. Rxc4 Be4+ 53. Kg1 Bf3 54. Kf1 Re6 55. Rd4 Be2+ 56. Kf2 Bh5 57. Rd5+ Kh6 58. Rd6 Rxd6 59. Bxd6 Be8 60. Ke3 Kg5 61. Be5 g6 62. c4 Kf5 63. Kd4 Ke6 64. c5 Kxe7 65. Bf4 Ke6 66. Bg5 Kf5 67. Bxh4 Kf4 68. Be7 Kg3 69. h4 Kf4 70. Kd5 Kf5 71. c6 Bf7+ 72. Kd6 Be6 73. Bg5 Bc8 74. Kc7 Ba6 75. Kd8 Ke6 76. c7 1-0


[Site "https://www.chess.com"]

[Event "Titled Tuesday Blitz March 01 Late 2022"]
[White "Hardaway, Brewington"]
[Black "Kamsky, Gata"]
[WhiteFideId "30941849"]
[BlackFideId "2000024"]
[WhiteElo "1768"]
[BlackElo "2645"]
[Result "0-1"]
[Round "02"]
[TimeControl "180+1"]
[Date "2022.03.01"]
[WhiteClock "0:00:05"]
[BlackClock "0:00:57"]

1. e4 g6 2. Nf3 Bg7 3. d4 d6 4. Nc3 a6 5. h3 b5 6. a4 b4 7. Nd5 a5 8. c3 e6 9. Ne3 Nf6 10. e5 dxe5 11. Nxe5 O-O 12. Qf3 Ra7 13. N3g4 Bb7 14. Nxf6+ Bxf6 15. Qe3 Nd7 16. Ng4 Bg7 17. d5 Nb6 18. dxe6 Re8 19. Bc4 Nxc4 20. Qxa7 Rxe6+ 21. Ne3 Bxg2 22. Rh2 Bf3 23. Kf1 bxc3 24. bxc3 Bxc3 25. Bb2 Bxb2 26. Re1 Bc3 27. Rc1 Qd2 28. Qb8+ Kg7 29. Rxc3 Qxc3 0-1


[Site "https://www.chess.com"]

[Event "Titled Tuesday Blitz March 01 Late 2022"]
[White "Dronavalli, Harika"]
[Black "Niemann, Hans Moke"]
[WhiteFideId "5015197"]
[BlackFideId "2093596"]
[WhiteElo "2382"]
[BlackElo "2636"]
[Result "0-1"]
[Round "02"]
[TimeControl "180+1"]
[Date "2022.03.01"]
[WhiteClock "0:00:02"]
[BlackClock "0:00:09"]

1. d4 g6 2. h4 Nf6 3. c4 c5 4. d5 e5 5. Nc3 d6 6. e4 h5 7. f3 Bh6 8. Bxh6 Rxh6 9. Qd2 Rh8 10. O-O-O Na6 11. Kb1 Nc7 12. Nge2 a6 13. Nc1 Bd7 14. Be2 b5 15. Rdg1 Qe7 16. Nd1 Rb8 17. Qc2 bxc4 18. Bxc4 Nb5 19. Bxb5 axb5 20. Ne3 c4 21. g4 Bc8 22. Rh2 Qa7 23. Qf2 Ra8 24. g5 Nd7 25. f4 Qd4 26. Qf3 Nc5 27. fxe5 Qxe5 28. Re2 Ra7 29. Ree1 Re7 30. Nc2 Nxe4 31. Ka1 Bf5 32. Nb4 c3 33. bxc3 Qxc3+ 34. Qxc3 Nxc3 35. Rxe7+ Kxe7 36. Re1+ Kd7 37. Nb3 Re8 38. Rxe8 Kxe8 39. Nd4 Bd7 40. Kb2 Nd1+ 41. Kc1 Ne3 42. Kd2 Ng2 43. Nf3 Bg4 44. Nd4 Bd7 45. Nf3 Kd8 46. Nd3 Bg4 47. Nd4 Nxh4 48. Nxb5 Nf3+ 49. Ke3 Nxg5 50. Nxd6 Kd7 51. Nc4 Bf5 52. Nde5+ Ke7 53. Nc6+ Kf6 54. a4 h4 55. a5 h3 56. Kf2 Be4 57. Kg3 Bxd5 58. N6e5 Bb7 59. Ng4+ Kg7 60. Nd6 Ba6 61. Ne5 f5 62. Nd7 f4+ 63. Kh2 f3 64. Nc5 f2 65. Nde4 Nxe4 66. Nxe4 f1=Q 0-1


[Site "https://www.chess.com"]

[Event "Titled Tuesday Blitz March 01 Late 2022"]
[White "Hoffmann, Asa"]
[Black "Romanchuk, Viktor"]
[WhiteFideId "2001470"]
[BlackFideId "14109271"]
[WhiteElo "2117"]
[BlackElo "2242"]
[Result "0-1"]
[Round "02"]
[TimeControl "180+1"]
[Date "2022.03.02"]
[WhiteClock "0:00:07"]
[BlackClock "0:00:37"]

1. d4 d5 2. Bg5 f6 3. Bf4 c5 4. e3 Nc6 5. Nf3 g5 6. Bg3 h5 7. h3 Nh6 8. Nc3 Nf5 9. Bd3 Kf7 10. Qd2 c4 11. Bxf5 Bxf5 12. O-O-O e6 13. a3 a6 14. Rde1 b5 15. e4 Bg6 16. exd5 exd5 17. Re3 b4 18. axb4 Bxb4 19. Rhe1 a5 20. Re6 Rc8 21. Qe3 Rf8 22. Re2 a4 23. Nxa4 Qa5 24. Rxf6+ Kxf6 25. Qxg5+ Kf7 26. Ne5+ Nxe5 27. Bxe5 Rc6 28. Nc3 Qa1+ 29. Kd2 Qxb2 30. Re3 Qxc2+ 31. Ke1 Bxc3+ 0-1


[Site "https://www.chess.com"]

[Event "Titled Tuesday Blitz March 01 Late 2022"]
[White "Indjic, Aleksandar"]
[Black "Shuvalova, Polina"]
[WhiteFideId "911925"]
[BlackFideId "24171760"]
[WhiteElo "2616"]
[BlackElo "2355"]
[Result "1/2-1/2"]
[Round "02"]
[TimeControl "180+1"]
[Date "2022.03.01"]
[WhiteClock "0:00:35"]
[BlackClock "0:00:27"]

1. e4 c5 2. f4 d5 3. Bb5+ Nc6 4. Bxc6+ bxc6 5. d3 c4 6. dxc4 dxe4 7. Qxd8+ Kxd8 8. Nc3 f5 9. Be3 e5 10. Nge2 Be6 11. O-O-O+ Kc7 12. b3 Ba3+ 13. Kb1 Nf6 14. h3 exf4 15. Bxf4+ Kb7 16. Bd6 Bxd6 17. Rxd6 Rhe8 18. Nf4 Bf7 19. Kc1 Kc7 20. Rxf6 gxf6 21. Re1 Rad8 22. Re3 Kd6 23. g3 Ke5 24. Nce2 c5 25. Nd3+ Kd6 26. Ndf4 Rg8 27. Kd2 a5 28. a4 Kc6+ 29. Ke1 Rd7 30. Nc3 Rgd8 31. Re2 Rd4 32. h4 Rg8 33. Re3 Rd7 34. Ke2 Rdd8 35. Ke1 Rg4 36. Nce2 Kc7 37. Nc3 Kc6 38. Nce2 Rdg8 39. Kf2 Rd8 40. Ke1 1/2-1/2


[Site "https://www.chess.com"]

[Event "Titled Tuesday Blitz March 01 Late 2022"]
[White "Iskusnyh, Sergei"]
[Black "Sadhwani, Raunak"]
[WhiteFideId "4120027"]
[BlackFideId "35093487"]
[WhiteElo "2492"]
[BlackElo "2616"]
[Result "0-1"]
[Round "02"]
[TimeControl "180+1"]
[Date "2022.03.01"]
[WhiteClock "0:00:01"]
[BlackClock "0:00:20"]

1. d4 Nf6 2. c4 g6 3. g3 Bg7 4. Bg2 O-O 5. Nc3 c5 6. dxc5 Na6 7. Nf3 Nxc5 8. O-O d6 9. Nd4 Bd7 10. b3 Qc8 11. Bb2 Bh3 12. Rc1 Qg4 13. Nd5 Nxd5 14. cxd5 Bxg2 15. Kxg2 Qe4+ 16. f3 Qxd5 17. e4 Qh5 18. Qe2 Rac8 19. Rc4 Bxd4 20. Bxd4 Ne6 21. Ba1 Rxc4 22. Qxc4 Qc5 23. Qd3 Rc8 24. Rf2 f6 25. Bb2 Kf7 26. Qd2 g5 27. Qd3 Nf8 28. f4 gxf4 29. gxf4 Qh5 30. e5 Qg6+ 31. Qxg6+ Nxg6 32. exf6 exf6 33. Kf3 d5 34. Rd2 Rd8 35. Bd4 a6 36. Rc2 Rd7 37. a4 Ne7 38. b4 Nf5 39. Bf2 h5 40. b5 axb5 41. axb5 Nd6 42. Rc5 Ne4 43. Rc8 Nd6 44. Rc5 Ke6 0-1


[Site "https://www.chess.com"]

[Event "Titled Tuesday Blitz March 01 Late 2022"]
[White "Janaszak, Dawid"]
[Black "Atanejhad, Sahebali"]
[WhiteFideId "1119206"]
[BlackFideId "12506664"]
[WhiteElo "2199"]
[BlackElo "1978"]
[Result "1-0"]
[Round "02"]
[TimeControl "180+1"]
[Date "2022.03.02"]
[WhiteClock "0:00:12"]
[BlackClock "0:01:39"]

1. e4 c5 2. Nc3 g6 3. d4 cxd4 4. Qxd4 Nf6 5. Be3 Nc6 6. Qd2 Bg7 7. f3 O-O 8. Nge2 d6 9. O-O-O Be6 10. Kb1 Rc8 11. h4 Ne5 12. Nf4 Bc4 13. Bd3 Bxd3 14. cxd3 b5 15. h5 b4 16. Ncd5 Nxd5 17. Nxd5 e6 18. Nf4 b3 19. axb3 Rb8 20. hxg6 fxg6 21. Nxe6 Qf6 22. Nxg7 Qxg7 23. Bh6 Qb7 24. Bxf8 Rxf8 25. d4 Nc6 26. Qc3 Nb4 27. Rc1 Qb6 28. Qc7 Rf7 29. Qxb6 axb6 30. Rc4 Nd3 31. Rc6 Nf4 32. Rxd6 Nxg2 33. e5 Rxf3 34. e6 Re3 35. d5 Re2 36. Rd8+ Kg7 37. Rd7+ Kf6 38. Rh2 Re1+ 39. Ka2 Nf4 40. Rf2 g5 41. Rxh7 Ke5 42. e7 Kxd5 43. Rd2+ Kc5 44. Rd8 Nd5 45. Rc8+ Kb5 46. e8=Q+ 1-0


[Site "https://www.chess.com"]